 Dungeon Crawl Stone Soup version 0.29.0-13-gc9e81de378 (webtiles) character file.

Game seed: 7383797333553823088

610 Ofeo the Magician (level 8, -2/57 HPs)
             Began as a Meteoran Necromancer on Sept 8, 2022.
             Slain by a gnoll sergeant
             ... wielding a +0 trident of flaming
              (10 damage)
             ... on level 6 of the Dungeon.
             The game lasted 00:09:34 (1114 turns).

Ofeo the Magician (Meteoran Necromancer)            Turns: 1114, Time: 00:09:34

Health: -2/57      AC:  4    Str: 11    XL:     8   Next: 2%
Magic:  13/35      EV: 14    Int: 18    God:
Gold:   85         SH:  0    Dex: 14    Spells: 10/18 levels left

rFire   . . .      SeeInvis .   f - +1 mace (holy)
rCold   . . .      Faith    .   (no shield)
rNeg    . . .      Spirit   .   a - +0 robe
rPois   .          Reflect  .   k - +1 helmet
rElec   .          Harm     .   (no cloak)
rCorr   .          Rampage  .   (no gloves)
Will    +....                   (no boots)
Stlth   +.........              (no amulet)
HPRegen 0.19/turn               t - ring of magical power
MPRegen 0.24/turn               o - ring of magical power

@: animating dead, glowing
A: sense surroundings 1, otherworldly, glowing, explore regen
a: no special abilities


You were on level 6 of the Dungeon.
You visited 1 branch of the dungeon, and saw 6 of its levels.

You collected 85 gold pieces.

Inventory:

Hand Weapons
 e - a +0 sling
 f - a +1 mace of holy wrath (weapon)
Missiles
 l - 6 poisoned darts
Armour
 a - a +0 robe (worn)
 d - a +0 ring mail
 k - a +1 helmet (worn)
Magical Staves
 g - a staff of earth
Jewellery
 o - a ring of magical power (right hand)
 t - a ring of magical power (left hand)
Wands
 s - a wand of quicksilver (10)
Scrolls
 i - 3 scrolls of identify {@r1}
 j - a scroll of fog
Potions
 b - 3 potions of magic
 c - a potion of invisibility
 h - a potion of might {@q4}
 n - a potion of ambrosia
 q - 2 potions of flight


   Skills:
 + Level 5.5 Dodging
 + Level 3.6 Stealth
 + Level 5.6 Spellcasting
 - Level 5.4 Necromancy


You had 10 spell levels left.
You knew the following spells:

 Your Spells              Type           Power      Damage    Failure   Level
a - Vampiric Draining     Necr           24%        2d7       4%          3
b - Necrotise             Necr           96%        1d8       1%          1
c - Animate Dead          Necr           24%        N/A       13%         4

Your spell library contained the following spells:

 Spells                   Type           Power      Damage    Failure   Level
 Sting                    Tmut/Pois      20%        1d4       13%         1
 Poisonous Vapours        Pois/Air       10%        N/A       19%         2
 Agony                    Necr           24%        N/A       36%         5
 Olgreb's Toxic Radiance  Pois           5%         N/A       77%         4


Dungeon Overview and Level Annotations

Branches:
Dungeon (6/15) Zot: 2464
 Temple: D:4-7

Altars:
Dithmenos
Elyvilon
Gozag
The Shining One

Shops:
D:4 **


Innate Abilities, Weirdness & Mutations

You passively map a small area around you.
You are easily found by Zot.
You glow in the dark.
You regain HP and MP as you explore.


Message History

You regained 4 hp, and now have 37/57 hp.
You now have 18/35 mp.
Casting: Vampiric Draining (dangerous; 4% risk of failure)
Confirm with . or Enter, or press ? or * to list all spells.
You can't see any susceptible monsters within range! (Use Z to cast anyway.) Unknown command.
The gnoll sergeant hits you from afar with a +0 trident of flaming!
The gnoll sergeant burns you.
Items here: ))) [ †.
You take 17 damage, and have 20/57 hp.
MASSIVE DAMAGE!!
A steam dragon comes into view.
The gnoll sergeant hits you with a +0 trident of flaming!
* * * LOW HITPOINT WARNING * * *
The gnoll sergeant burns you.
* * * LOW HITPOINT WARNING * * *
Things that are here:
a +0 flail; a +0 club You take 11 damage, and have 9/57 hp.
Casting: Vampiric Draining (dangerous; 4% risk of failure)
Confirm with . or Enter, or press ? or * to list all spells.
Aiming: Vampiric Draining (dangerous; 4% risk of failure)
Press: ? - help, Shift-Dir - straight line, f - gnoll sergeant
Aim: a gnoll sergeant, wielding a +0 trident of flaming, wearing a +0 scale mail and wearing a +0 kite shield You draw life force from the gnoll sergeant!
You feel life coursing into your body.
The gnoll sergeant hits you with a +0 trident of flaming!
* * * LOW HITPOINT WARNING * * *
The gnoll sergeant burns you.
* * * LOW HITPOINT WARNING * * *
You take 5 damage, and have 4/57 hp.
You now have 15/35 mp.
Casting: Vampiric Draining (dangerous; 4% risk of failure)
Confirm with . or Enter, or press ? or * to list all spells.
Aiming: Vampiric Draining (dangerous; 4% risk of failure)
Press: ? - help, Shift-Dir - straight line, f/p - gnoll sergeant
Aim: a gnoll sergeant, wielding a +0 trident of flaming, wearing a +0 scale mail and wearing a +0 kite shield (moderately wounded)
You draw life force from the gnoll sergeant!
You feel life coursing into your body.
The gnoll sergeant hits you with a +0 trident of flaming!
You die...

###..P~~♣
♣♣~.#$..##### * #
#.#~P♣♣
♣~~P.........
###..#~~♣♣♣~~~P....#
*
..##.(~P~~~~P......#
#...###PPPP...#...##
,
###..##.....####.##
* ##....##### #.# *
###### #)# *,
#@###### #g.....## *
#......... ,
#......... *
####D####.### ,
#.....# # *
#...~♣#**,#* #...~♣*
..$ ##♣♣..~♣~.... ,
*


You could see a steam dragon and a gnoll sergeant.

Vanquished Creatures
  A water moccasin (D:3)
  An ice beast (D:6)
  A wight (D:6)
  An electric eel (D:6)
  3 hounds (D:5)
  A gnoll bouda (D:6)
  4 iguanas
  4 gnolls (D:6)
  3 adders
  A worm (D:2)
  An orc (D:4)
  A bat (D:2)
  3 endoplasms
  2 goblins
  3 jackals (D:1)
  A kobold (D:3)
  2 ball pythons (D:2)
  4 rats
37 creatures vanquished.

Vanquished Creatures (collateral kills)
  A gnoll (D:6)
1 creature vanquished.

Vanquished Creatures (others)
  An ufetubus (D:6)
  A gnoll zombie (D:6)
  12 plants (D:6)
14 creatures vanquished.

Grand Total: 52 creatures vanquished

Notes
Turn   | Place    | Note
-------+----------+-------------------------------------------
     0 | D:1      | Ofeo the Meteoran Necromancer began the quest for the Orb.
     0 | D:1      | Reached XP level 1. HP: 14/14 MP: 5/5
    49 | D:1      | Reached XP level 2. HP: 19/20 MP: 0/6
   287 | D:3      | Reached XP level 3. HP: 26/26 MP: 3/8
   328 | D:3      | Noticed a water moccasin
   334 | D:3      | Killed a water moccasin
   335 | D:3      | Reached skill level 5 in Necromancy
   335 | D:3      | Reached XP level 4. HP: 24/33 MP: 6/10
   335 | D:3      | Reached XP level 5. HP: 28/38 MP: 6/11
   339 | D:3      | Learned a level 3 spell: Vampiric Draining
   344 | D:3      | Learned a level 4 spell: Animate Dead
   366 | D:4      | Found Tuklyato's CLEARANCE SALE!.
   406 | D:5      | Entered Level 5 of the Dungeon
   421 | D:5      | Reached XP level 6. HP: 18/45 MP: 1/13
   667 | D:4      | Found an opulent altar of Gozag.
   671 | D:4      | Found Gozag's Platinum Reserve.
   842 | D:6      | Reached XP level 7. HP: 50/50 MP: 15/15
   926 | D:5      | Found a white marble altar of Elyvilon.
   926 | D:5      | Found a glowing golden altar of the Shining One.
   926 | D:5      | Found a shadowy altar of Dithmenos.
   950 | D:6      | Reached skill level 5 in Spellcasting
  1065 | D:6      | Reached skill level 5 in Dodging
  1109 | D:6      | Reached XP level 8. HP: 36/57 MP: 17/17
  1112 | D:6      | Noticed a steam dragon
  1114 | D:6      | Slain by a gnoll sergeant

Illustrated notes

Levels and vault maps discovered:
D:1:      eino_arrival_druids_welcome, layout_basic,
          dreamdust_ecumenical_altar_grove
D:2:      layout_basic, minmay_misc_feat_four_crosses
D:3:      layout_rooms, hellmonk_ghost_happy_afterlife, uniq_natasha
D:4:      layout_basic, nicolae_gozag_zags_fifth_avenue, nicolae_shop_clearance,
          uniq_duvessa
D:5:      layout_layer_cave, gammafunk_temple_overflow_forgotten
D:6:      layout_loops_ring, serial_bayou, serial_bayou_ford_a,
          serial_bayou_lagoon_b, serial_bayou_pond_c, serial_bayou_shore_a

Skill      XL: |  1  2  3  4  5  6  7 |
---------------+----------------------+-----
Spellcasting   | 3 4 5 |  5.6
Dodging        | 3 4 5 |  5.5
Stealth        | 2 3 |  3.6
Necromancy     | 5 |  5.4

Action                   |  1- 3 |  4- 6 |  7- 9 || total
-------------------------+-------+-------+-------++-------
Melee: Mace              |     5 |    25 |    18 ||    48
 Fire: Sling             |     2 |       |       ||     2
 Cast: Necrotise         |    30 |    17 |       ||    47
       Vampiric Draining |       |    10 |    18 ||    28
       Animate Dead      |       |       |     2 ||     2
Evoke: Wand              |       |       |     1 ||     1
  Use: Scroll            |     1 |     7 |     1 ||     9
       Potion            |     1 |       |       ||     1
Armor: Robe              |     2 |    12 |     1 ||    15
Dodge: Dodged            |    12 |    25 |    15 ||    52
